AoeStats
← PiscoCAPEL777

Pilgrims

508565283Analyzed
2v2 RM · 9d ago on Sep 23, 2026· 31m 18s· 4 players
Game mode
Random Map
Map size
Medium (4 player)
Population
200
Speed
Normal
Resources
Standard
Victory
Conquest
Starting age
Dark Age
Ending age
Imperial Age
RankedLock teamsTeams togetherTeam positionsShared explorationLock speedFull tech treeHidden civsTurbo modeCheats
Victory
Defeat
🇨🇦 Romans · Canada
1045
+13
🇳🇿 Khmer · New Zealand
970
+16
🇨🇱 Vikings · Chile
978
-15
🇨🇱 Dravidians · Chile
970
-14
PiscoCAPEL777
12:53 Feudal Age
21:03 Castle Age
21:13 Pikeman
21:55 Man-at-Arms
23:04 Medium Warships
nicovc00
8:51 Feudal Age
9:09 Loom
11:31 Double-Bit Axe
13:13 Fishing Lines
21:31 Castle Age
24:15 Gillnets
FredproQc69
3:26 Loom
3:58 Loom
13:41 Feudal Age
13:44 Man-at-Arms
14:47 Double-Bit Axe
18:48 Scale Mail Armor
18:59 Forging
21:55 Castle Age
22:30 Long Swordsman
23:23 Squires
23:43 Chain Mail Armor
Wrecking Ball Paul
3:11 Loom
12:19 Feudal Age
15:22 Castle Age
13:37 Double-Bit Axe
17:07 Bloodlines
16:57 Husbandry
19:05 Fishing Lines
22:57 Medium Warships
Connection lost

Rejoining the realm…

Still unreachable

The connection could not be restored.

Session expired

The server has moved on; the page needs a fresh start.